HSSL
INDIANAPOLIS HS RIFLES @ EVANS HS KNIGHTS
04/18/2027
 
TOP OF THE 1ST
Indianapolis HS Rifles batting - Pitching for Evans HS Knights : RHP Mark Houcke
Pitching: RHP Mark Houcke
Batting: LHB Sam Fuller 0-0: Ball
1-0: Ball
2-0: Called Strike
2-1: Called Strike
2-2: Ball
3-2: Foul Ball, location: 2F
3-2: Fly out, F7 (Flyball, 7)
Batting: LHB Tim Howell 0-0: Called Strike
0-1: Ball
1-1: Ball
2-1: Foul Ball, location: 2F
2-2: Ball
3-2: SINGLE (Groundball, 6MD)
Batting: LHB Dave Sanders 0-0: Ball
1-0: 2-RUN HOME RUN (Flyball, 8LXD), Distance : 441 ft
Batting: RHB Juan Valdéz 0-0: Called Strike
0-1: Called Strike
0-2: Fly out, F4 (Popup, 34D)
Batting: LHB Jason Welch 0-0: Swinging Strike
0-1: Ball
1-1: Ball
2-1: Ball
3-1: Swinging Strike
3-2: Ground out 3-1 (Groundball, 34)
Top of the 1st over - 2 run(s), 2 hit(s), 0 error(s), 0 left on base; Indianapolis HS 2 - Evans HS 0
BOTTOM OF THE 1ST
Evans HS Knights batting - Pitching for Indianapolis HS Rifles : RHP Mario Ortega
Pitching: RHP Mario Ortega
Batting: LHB Quinn Webb 0-0: Foul Ball, location: 2F
0-1: Ground out 5-3 (Groundball, 56S)
Batting: RHB Gerald Hayes 0-0: Fly out, F9 (Flyball, 9)
Batting: RHB Juan Valdés 0-0: Foul Ball, location: 2F
0-1: Ball
1-1: Ball
2-1: Ball
3-1: Called Strike
3-2: Foul Ball, location: 2F
3-2: Base on Balls
Batting: RHB James Bennett 0-0: Reached on error, E5 (Groundball, 5)
Juan Valdés to second
Batting: LHB Julián Icaza 0-0: Foul Ball, location: 2F
0-1: Called Strike
0-2: Ball
1-2: Ball
2-2: Ball
3-2: Strikes out looking
Bottom of the 1st over - 0 run(s), 0 hit(s), 1 error(s), 2 left on base; Indianapolis HS 2 - Evans HS 0
TOP OF THE 2ND
Indianapolis HS Rifles batting - Pitching for Evans HS Knights : RHP Mark Houcke
Batting: LHB Benny Marte 0-0: SINGLE (Groundball, 34D)
Batting: RHB Joe Farrell 0-0: Ball
1-0: Swinging Strike
1-1: Called Strike
1-2: Ball
2-2: Strikes out swinging
Batting: RHB Wesley Wood 0-0: Foul Ball, location: 2F
0-1: Ball
1-1: Ball
Wild Pitch!
Benny Marte to second
2-1: Foul Ball, location: 2F
2-2: Ball
3-2: Base on Balls
Batting: RHB Lorenzo Camacho 0-0: Ball
1-0: Ball
2-0: Foul Ball, location: 2F
Error on foul ball, E9
2-2: Ball
3-2: Fly out, F3 (Popup, 3L)
Batting: LHB Sam Fuller 0-0: Ball
1-0: Foul Ball, location: 2F
1-1: Foul Ball, location: 2F
1-2: Ball
2-2: Ball
3-2: Fly out, F7 (Flyball, 7S)
Top of the 2nd over - 0 run(s), 1 hit(s), 1 error(s), 2 left on base; Indianapolis HS 2 - Evans HS 0
BOTTOM OF THE 2ND
Evans HS Knights batting - Pitching for Indianapolis HS Rifles : RHP Mario Ortega
Batting: LHB Andre Montgomery 0-0: Bunted foul
0-1: Foul Ball, location: 2F
0-2: Ball
1-2: SINGLE (Line Drive, 56D)
Batting: RHB Fernando Rosales 0-0: Ball
1-0: Ball
2-0: Called Strike
Andre Montgomery is caught stealing 2nd base
2-1: Fly out, F8 (Flyball, 8RM)
Batting: RHB Tim Lee 0-0: Called Strike
0-1: Ball
1-1: Foul Ball, location: 2F
1-2: Strikes out swinging
Bottom of the 2nd over - 0 run(s), 1 hit(s), 0 error(s), 0 left on base; Indianapolis HS 2 - Evans HS 0
TOP OF THE 3RD
Indianapolis HS Rifles batting - Pitching for Evans HS Knights : RHP Mark Houcke
Batting: LHB Tim Howell 0-0: SINGLE (Flyball, 78S)
Batting: LHB Dave Sanders 0-0: Ball
1-0: Ball
2-0: Called Strike
2-1: Foul Ball, location: 2F
2-2: Strikes out swinging
Batting: RHB Juan Valdéz 0-0: Fly out, F9 (Flyball, 9LS)
Batting: LHB Jason Welch 0-0: Called Strike
0-1: Called Strike
Tim Howell steals 2nd base
0-2: SINGLE (Flyball, 78S)
Tim Howell to third
Runner from 3rd tries for Home, SAFE, no throw
Batting: LHB Benny Marte 0-0: SINGLE (Line Drive, 89S)
Jason Welch to second
Batting: RHB Joe Farrell 0-0: Foul Ball, location: 2F
0-1: Ball
1-1: Ball
2-1: Ball
3-1: Foul Ball, location: 2F
3-2: Foul Ball, location: 2F
3-2: Foul Ball, location: 2F
3-2: Base on Balls
Jason Welch to third
Benny Marte to second
Batting: RHB Wesley Wood 0-0: Called Strike
0-1: Ball
1-1: Foul Ball, location: 2F
1-2: Ground out 1-3 (Groundball, 13)
Top of the 3rd over - 1 run(s), 3 hit(s), 0 error(s), 3 left on base; Indianapolis HS 3 - Evans HS 0
BOTTOM OF THE 3RD
Evans HS Knights batting - Pitching for Indianapolis HS Rifles : RHP Mario Ortega
Batting: LHB Billy Raymond 0-0: Ball
1-0: Called Strike
1-1: Foul Ball, location: 2F
1-2: Fly out, F8 (Line Drive, 8LM)
Batting: LHB Quinn Webb 0-0: Fly out, F7 (Flyball, 78M)
Batting: RHB Gerald Hayes 0-0: Ground out 6-3 (Groundball, 6)
Bottom of the 3rd over - 0 run(s), 0 hit(s), 0 error(s), 0 left on base; Indianapolis HS 3 - Evans HS 0
TOP OF THE 4TH
Indianapolis HS Rifles batting - Pitching for Evans HS Knights : RHP Mark Houcke
Batting: RHB Lorenzo Camacho 0-0: Ball
1-0: Swinging Strike
1-1: Swinging Strike
1-2: Foul Ball, location: 2F
1-2: Strikes out swinging
Batting: LHB Sam Fuller 0-0: Called Strike
0-1: Ball
1-1: Ball
2-1: Fly out, F6 (Popup, 6)
Batting: LHB Tim Howell 0-0: Ball
1-0: Foul Ball, location: 2F
1-1: Swinging Strike
1-2: Ball
2-2: Foul Ball, location: 2F
2-2: Fly out, F7 (Flyball, 7S)
Top of the 4th over - 0 run(s), 0 hit(s), 0 error(s), 0 left on base; Indianapolis HS 3 - Evans HS 0
BOTTOM OF THE 4TH
Evans HS Knights batting - Pitching for Indianapolis HS Rifles : RHP Mario Ortega
Batting: RHB Juan Valdés 0-0: Ball
1-0: Called Strike
1-1: Swinging Strike
1-2: Ball
2-2: Ball
3-2: SINGLE (Groundball, 56D)
Batting: RHB James Bennett 0-0: Called Strike
0-1: Foul Ball, location: 2F
0-2: Ball
1-2: Ball
2-2: SINGLE (Groundball, 6MD)
Juan Valdés to second
Runner from 2nd tries for 3rd, SAFE, throw made to third
Batting: LHB Julián Icaza 0-0: Called Strike
0-1: Ball
1-1: Swinging Strike
1-2: Ball
2-2: Ground out U3 (Groundball, 3L)
Juan Valdés scores
James Bennett to second
Batting: LHB Andre Montgomery 0-0: Ball
1-0: Fly out, F6 (Popup, 6)
Batting: RHB Fernando Rosales 0-0: Ball
1-0: Ball
2-0: Called Strike
2-1: Ball
3-1: Base on Balls
Batting: RHB Tim Lee 0-0: Called Strike
0-1: Fielders Choice at 2nd, 4-6 (Groundball, 4)
Bottom of the 4th over - 1 run(s), 2 hit(s), 0 error(s), 1 left on base; Indianapolis HS 3 - Evans HS 1
TOP OF THE 5TH
Indianapolis HS Rifles batting - Pitching for Evans HS Knights : RHP Mark Houcke
Pitching: RHP Bill Williams
Batting: LHB Dave Sanders 0-0: Ball
1-0: Ball
2-0: Ball
3-0: Foul Ball, location: 2F
3-1: Base on Balls
Batting: RHB Juan Valdéz 0-0: Ball
1-0: Ball
2-0: Ball
3-0: Called Strike
3-1: Base on Balls
Dave Sanders to second
Batting: LHB Jason Welch 0-0: Ball
1-0: Ball
2-0: Ball
3-0: Called Strike
3-1: Base on Balls
Dave Sanders to third
Juan Valdéz to second
Batting: LHB Benny Marte 0-0: Swinging Strike
0-1: Called Strike
0-2: Foul Ball, location: 2F
0-2: Ball
1-2: Ball
2-2: Strikes out looking
Batting: RHB Joe Farrell 0-0: Ball
1-0: Ball
2-0: Ball
3-0: Called Strike
3-1: Swinging Strike
3-2: Strikes out swinging
Batting: RHB Wesley Wood 0-0: Foul Ball, location: 2F
0-1: Called Strike
0-2: Foul Ball, location: 2F
0-2: Ball
1-2: Fly out, F8 (Flyball, 8RS)
Top of the 5th over - 0 run(s), 0 hit(s), 0 error(s), 3 left on base; Indianapolis HS 3 - Evans HS 1
BOTTOM OF THE 5TH
Evans HS Knights batting - Pitching for Indianapolis HS Rifles : RHP Mario Ortega
Batting: LHB Billy Raymond 0-0: Called Strike
0-1: Ball
1-1: DOUBLE (Line Drive, 8LD)
Batting: LHB Quinn Webb 0-0: Fly out, F9 (Flyball, 9LS)
Batting: RHB Gerald Hayes 0-0: Ball
1-0: Ball
2-0: Foul Ball, location: 2F
2-1: Ball
3-1: Foul Ball, location: 2F
3-2: Strikes out looking
Batting: RHB Juan Valdés 0-0: Swinging Strike
0-1: Foul Ball, location: 2F
0-2: Foul Ball, location: 2F
0-2: Ball
1-2: SINGLE (Groundball, 6MD)
Billy Raymond to third
Batting: RHB James Bennett 0-0: Swinging Strike
0-1: Foul Ball, location: 2F
0-2: Ball
1-2: Strikes out swinging
Bottom of the 5th over - 0 run(s), 2 hit(s), 0 error(s), 2 left on base; Indianapolis HS 3 - Evans HS 1
TOP OF THE 6TH
Indianapolis HS Rifles batting - Pitching for Evans HS Knights : RHP Bill Williams
Batting: RHB Lorenzo Camacho 0-0: Called Strike
0-1: Foul Ball, location: 2F
0-2: Ball
1-2: Foul Ball, location: 2F
1-2: Ball
2-2: Ball
3-2: SINGLE (Groundball, 56D)
Batting: LHB Sam Fuller 0-0: Called Strike
0-1: Swinging Strike
0-2: Ball
1-2: Ball
Lorenzo Camacho steals 2nd base
2-2: Foul Ball, location: 2F
2-2: Foul Ball, location: 2F
2-2: Ball
3-2: SINGLE (Groundball, 4MD)
Lorenzo Camacho to third
Runner from 3rd tries for Home, SAFE, throw made home
Sam Fuller to second
Batting: LHB Tim Howell 0-0: Ball
1-0: Called Strike
1-1: Foul Ball, location: 2F
1-2: Ball
2-2: Ball
3-2: Strikes out swinging
Batting: LHB Dave Sanders 0-0: Intentional Walk
Pitching: RHP Max LeBlanc
Batting: RHB Juan Valdéz 0-0: Ball
1-0: Ball
2-0: Ball
3-0: Called Strike
3-1: Foul Ball, location: 2F
3-2: Base on Balls
Sam Fuller to third
Dave Sanders to second
Batting: LHB Jason Welch 0-0: Foul Ball, location: 2F
0-1: Foul Ball, location: 2F
0-2: Foul Ball, location: 2F
0-2: Ball
1-2: Reached on error, E3 (Groundball, 34S)
Sam Fuller scores
Dave Sanders to third
Juan Valdéz to second
Batting: LHB Benny Marte 0-0: Called Strike
0-1: Foul Ball, location: 2F
0-2: GRAND SLAM HOME RUN (Flyball, 7LD), Distance : 360 ft
Batting: RHB Joe Farrell 0-0: Foul Ball, location: 2F
0-1: Swinging Strike
0-2: Ball
1-2: Strikes out swinging
Batting: RHB Wesley Wood 0-0: Ball
1-0: Foul Ball, location: 2F
1-1: Ground out 1-3 (Groundball, P)
Top of the 6th over - 6 run(s), 3 hit(s), 1 error(s), 0 left on base; Indianapolis HS 9 - Evans HS 1
BOTTOM OF THE 6TH
Evans HS Knights batting - Pitching for Indianapolis HS Rifles : RHP Mario Ortega
Batting: LHB Julián Icaza 0-0: Called Strike
0-1: Ball
1-1: DOUBLE (Line Drive, 8RD)
Pitching: RHP Victor Kocher
Batting: LHB Andre Montgomery 0-0: Ball
1-0: Called Strike
1-1: Ball
2-1: Ball
3-1: Base on Balls
Batting: RHB Fernando Rosales 0-0: Ball
1-0: 3-RUN HOME RUN (Flyball, 7D), Distance : 388 ft
Batting: RHB Tim Lee 0-0: Fly out, F8 (Flyball, 8LM)
Batting: LHB Billy Raymond 0-0: Ball
1-0: Called Strike
1-1: Ball
2-1: Foul Ball, location: 2F
2-2: SINGLE (Groundball, 4MD)
Batting: LHB Quinn Webb 0-0: Ball
1-0: Called Strike
1-1: Grounds into double play, 4-6-3 (Groundball, 4)
Bottom of the 6th over - 3 run(s), 3 hit(s), 0 error(s), 0 left on base; Indianapolis HS 9 - Evans HS 4
TOP OF THE 7TH
Indianapolis HS Rifles batting - Pitching for Evans HS Knights : RHP Max LeBlanc
Pitching: RHP David Munger
Batting: RHB Lorenzo Camacho 0-0: Ball
1-0: Ball
2-0: Ball
3-0: Base on Balls
Batting: LHB Sam Fuller 0-0: Ball
1-0: Ball
2-0: Ball
3-0: Called Strike
3-1: Called Strike
3-2: Base on Balls
Lorenzo Camacho to second
Batting: LHB Tim Howell 0-0: Called Strike
0-1: Bunted foul
0-2: Ball
1-2: Ball
2-2: Foul Ball, location: 2F
2-2: Foul Ball, location: 2F
2-2: Ball
3-2: Base on Balls
Lorenzo Camacho to third
Sam Fuller to second
Batting: LHB Dave Sanders 0-0: Ball
1-0: Ball
2-0: Foul Ball, location: 2F
2-1: Ball
3-1: Foul Ball, location: 2F
3-2: Grounds into double play, 3-6-3 (Groundball, 3)
Lorenzo Camacho scores
Sam Fuller to third
Batting: RHB Juan Valdéz 0-0: Ball
1-0: Swinging Strike
1-1: Called Strike
1-2: Strikes out looking
Top of the 7th over - 1 run(s), 0 hit(s), 0 error(s), 1 left on base; Indianapolis HS 10 - Evans HS 4
BOTTOM OF THE 7TH
Evans HS Knights batting - Pitching for Indianapolis HS Rifles : RHP Victor Kocher
Batting: RHB Gerald Hayes 0-0: Swinging Strike
0-1: Foul Ball, location: 2F
0-2: Ground out 6-3 (Groundball, 6M)
Batting: RHB Juan Valdés 0-0: Called Strike
0-1: Fly out, F8 (Line Drive, 8RM)
Batting: RHB James Bennett 0-0: Swinging Strike
0-1: Ball
1-1: Swinging Strike
1-2: Foul Ball, location: 2F
1-2: Foul Ball, location: 2F
1-2: Strikes out swinging
Bottom of the 7th over - 0 run(s), 0 hit(s), 0 error(s), 0 left on base; Indianapolis HS 10 - Evans HS 4
TOP OF THE 8TH
Indianapolis HS Rifles batting - Pitching for Evans HS Knights : RHP David Munger
Batting: LHB Jason Welch 0-0: Called Strike
0-1: Ball
1-1: Called Strike
1-2: Ball
2-2: Ball
3-2: Base on Balls
Batting: LHB Benny Marte 0-0: Called Strike
0-1: Ball
1-1: Foul Ball, location: 2F
1-2: Foul Ball, location: 2F
1-2: Foul Ball, location: 2F
1-2: Ball
2-2: Foul Ball, location: 2F
2-2: Ball
Wild Pitch!
Jason Welch to second
3-2: Foul Ball, location: 2F
3-2: SINGLE (Groundball, 56D)
Jason Welch to third
Batting: RHB Joe Farrell 0-0: Swinging Strike
0-1: Ball
1-1: Foul Ball, location: 2F
1-2: Ball
2-2: Ball
3-2: Grounds into double play, 6-4-3 (Groundball, 6)
Jason Welch scores
Batting: RHB Wesley Wood 0-0: Ball
1-0: Ground out 4-3 (Groundball, 4)
Top of the 8th over - 1 run(s), 1 hit(s), 0 error(s), 0 left on base; Indianapolis HS 11 - Evans HS 4
BOTTOM OF THE 8TH
Evans HS Knights batting - Pitching for Indianapolis HS Rifles : RHP Victor Kocher
Batting: LHB Julián Icaza 0-0: Called Strike
0-1: Swinging Strike
0-2: Foul Ball, location: 2F
0-2: Ball
1-2: Foul Ball, location: 2F
1-2: Reached on error, E3 (Groundball, 34)
Batting: LHB Andre Montgomery 0-0: Swinging Strike
0-1: Ball
1-1: Swinging Strike
1-2: Strikes out swinging
Batting: RHB Fernando Rosales 0-0: Ball
1-0: Called Strike
1-1: Grounds into double play, 6-4-3 (Groundball, 56)
Bottom of the 8th over - 0 run(s), 0 hit(s), 1 error(s), 0 left on base; Indianapolis HS 11 - Evans HS 4
TOP OF THE 9TH
Indianapolis HS Rifles batting - Pitching for Evans HS Knights : RHP David Munger
Batting: RHB Lorenzo Camacho 0-0: Ball
1-0: Called Strike
1-1: Foul Ball, location: 2F
1-2: Strikes out looking
Pitching: RHP Trey Sims
Batting: LHB Sam Fuller 0-0: Ball
1-0: Swinging Strike
1-1: Ball
2-1: Foul Ball, location: 2F
2-2: SINGLE (Groundball, 34D)
Batting: LHB Tim Howell 0-0: Ball
1-0: Called Strike
1-1: Ball
2-1: Ball
3-1: Base on Balls
Sam Fuller to second
Batting: LHB Dave Sanders 0-0: Ball
Sam Fuller is caught stealing 3rd base
Tim Howell to second
1-0: Fly out, F8 (Flyball, 8LD)
Top of the 9th over - 0 run(s), 1 hit(s), 0 error(s), 1 left on base; Indianapolis HS 11 - Evans HS 4
BOTTOM OF THE 9TH
Evans HS Knights batting - Pitching for Indianapolis HS Rifles : RHP Victor Kocher
Now at 1B: Jack Hammond
Batting: RHB Tim Lee 0-0: Ground out U3 (Groundball, 34)
Batting: LHB Billy Raymond 0-0: Foul Ball, location: 2F
0-1: Foul Ball, location: 2F
0-2: Ball
1-2: Ball
2-2: Ball
3-2: Base on Balls
Batting: LHB Quinn Webb 0-0: Ball
1-0: Ball
2-0: Ball
3-0: Called Strike
3-1: SINGLE (Line Drive, 89M)
Billy Raymond to second
Pitching: RHP Martin Harmon
Batting: RHB Gerald Hayes 0-0: Grounds into double play, 1-6-3 (Groundball, 13)
Bottom of the 9th over - 0 run(s), 1 hit(s), 0 error(s), 1 left on base; Indianapolis HS 11 - Evans HS 4
Thursday, March 30th, 2017 - OOTP Baseball 17.12 Build 75